 Dungeon Crawl Stone Soup version 0.21.1-1-g345015f (webtiles) character file.

98 Mirai the Magician (level 4, 0/24 HPs)
             Began as a Deep Elf Conjurer on Mar 28, 2018.
             Slain by Ijyb (2 damage)
             ... on level 2 of the Dungeon on Mar 29, 2018.
             The game lasted 00:05:30 (1695 turns).

Mirai the Magician (Deep Elf Conjurer)              Turns: 1695, Time: 00:05:31

Health: 0/24       AC:  2    Str:  5    XL:     4   Next: 44%
Magic:  0/14       EV: 13    Int: 26    God:
Gold:   96         SH:  0    Dex: 13    Spells: 12/15 levels left

rFire    + . .     SeeInvis .   p - +0 whip (curse)
rCold    + . .     Gourm    .   (no shield)
rNeg     . . .     Faith    .   a - +0 robe
rPois    .         Spirit   .   (no helmet)
rElec    .         Reflect  .   (no cloak)
rCorr    .         Harm     .   (no gloves)
MR       .....                  (no boots)
Stlth    ++........             (no amulet)
HPRegen  0.08/turn              g - ring of protection from cold
MPRegen  0.14/turn              (no ring)

@: brilliant, very slightly contaminated, hasted, very quick
A: clumsy 1, fire resistance 1, MP-powered wands
a: no special abilities


You were on level 2 of the Dungeon.
You were not hungry.

You visited 1 branch of the dungeon, and saw 3 of its levels.

You collected 96 gold pieces.

Inventory:

Hand Weapons
 h - a +0 dagger
 p - a cursed +0 whip (weapon)
Armour
 a - a +0 robe (worn)
Jewellery
 g - a ring of protection from cold (left hand)
Scrolls
 i - 3 scrolls of identify {unknown}
 j - a scroll of remove curse {unknown}
 k - 3 scrolls of teleportation {unknown}
 l - 2 scrolls of amnesia {unknown}
 o - a scroll of enchant armour {unknown}
Potions
 e - a potion of mutation
 f - a potion of brilliance
 m - 2 potions of haste
 n - a potion of curing {unknown}
 q - a potion of flight {unknown}
 r - 2 potions of degeneration {unknown}
 s - a potion of resistance {unknown}
Books
 b - a book of Conjurations

   Spells                             Type                      Level
   a - Magic Dart                     Conjuration                  1
   b - Searing Ray                    Conjuration                  2
   c - Dazzling Spray                 Conjuration/Hexes            3
   d - Fulminant Prism                Conjuration/Hexes            4
   e - Force Lance                    Conjuration/Translocation    4
   f - Iskenderun's Mystic Blast      Conjuration                  4
Comestibles
 c - 5 rations
 t - 4 chunks of flesh


   Skills:
 - Level 2.4 Dodging
 - Level 2.4 Stealth
 + Level 6.4 Spellcasting
 - Level 4.3 Conjurations


You had 12 spell levels left.
You knew the following spells:

 Your Spells              Type           Power        Failure   Level  Hunger
a - Magic Dart            Conj           ####         1%          1    None
b - Searing Ray           Conj           #####.       1%          2    None


Dungeon Overview and Level Annotations

Branches:
Dungeon (3/15)

Altars:
Okawaru

Annotations:
D:2 Ijyb


Innate Abilities, Weirdness & Mutations

You are clumsy. (Dex -2)
Your flesh is heat resistant. (rF+)
You expend magic power (3 MP) to strengthen your wands.


Message History

You hit Ijyb but do no damage.
Ijyb is heavily wounded.
Ijyb hits you.
* * * LOW HITPOINT WARNING * * *
You closely miss Ijyb.
Ijyb is heavily wounded.
You hit Ijyb but do no damage.
Ijyb is heavily wounded.
Ijyb hits you.
* * * LOW HITPOINT WARNING * * *
Unknown command.
Casting: Magic Dart
Confirm with . or Enter, or press ? or * to list all spells.
Aiming: Magic Dart
Press: ? - help, Shift-Dir - straight line, f/p - Ijyb
Aim: Ijyb, wearing a chain mail (heavily wounded)
The magic dart hits Ijyb.
Ijyb is heavily wounded.
Ijyb hits you.
You die...

###.## #..####
#...# ###.## #.###
###...##### ###.#
##...#......
##...#
##..#>....###
######..###
##..##.....#
#........#
####..###.....#
#........###.(..##
#.....#
#..>......g@.####
###.#####
#...>....#####
#...... #........#
####.###..
#.....(..#
###....#.รท..
#........#
#...###..##.
##########
#.###...####
#.....### #
#######


You could see Ijyb.

Vanquished Creatures
  Jessica (D:3)
  4 adders
  An ooze (D:2)
  A worm (D:2)
  2 leopard geckos (D:1)
  A giant cockroach (D:1)
  3 goblins
  4 hobgoblins (D:1)
  A ball python (D:1)
  4 bats
  3 frilled lizards
  3 kobolds
  5 rats
33 creatures vanquished.

Notes
Turn   | Place    | Note
-------+----------+-------------------------------------------
     0 | D:1      | Mirai the Deep Elf Conjurer began the quest for the Orb.
     0 | D:1      | Reached XP level 1. HP: 10/10 MP: 6/6
   212 | D:1      | Reached skill level 4 in Spellcasting
   212 | D:1      | Reached XP level 2. HP: 15/15 MP: 1/9
   337 | D:1      | Found an iron altar of Okawaru.
   826 | D:2      | Learned a level 2 spell: Searing Ray
  1013 | D:2      | Reached skill level 5 in Spellcasting
  1013 | D:2      | Reached XP level 3. HP: 12/19 MP: 5/11
  1496 | D:3      | Noticed Jessica
  1499 | D:3      | Killed Jessica
  1499 | D:3      | Reached skill level 6 in Spellcasting
  1499 | D:3      | Reached XP level 4. HP: 24/24 MP: 9/14
  1600 | D:3      | Noticed Ijyb
  1663 | D:2      | Gained mutation: You expend magic power (3 MP) to strengthen your wands. [potion of mutation]
  1663 | D:2      | Gained mutation: You are clumsy. (Dex -2) [potion of mutation]
  1663 | D:2      | Gained mutation: Your flesh is heat resistant. (rF+) [potion of mutation]
  1695 | D:2      | Slain by Ijyb

Skill      XL: |  1  2  3 |
---------------+----------+-----
Spellcasting   | 4 5 6 |  6.4
Dodging        | |  2.4
Stealth        | |  2.4
Conjurations   | |  4.3

Action                   |  1- 3 |  4- 6 || total
-------------------------+-------+-------++-------
Melee: Dagger            |     4 |       ||     4
       Whip              |       |    27 ||    27
 Cast: Magic Dart        |    57 |    11 ||    68
       Searing Ray       |     2 |     5 ||     7
  Use: Potion            |       |     3 ||     3
       Scroll            |       |     1 ||     1
  Eat: Chunk             |     1 |     1 ||     2
Armor: Robe              |     4 |     5 ||     9
Dodge: Dodged            |     9 |    14 ||    23
